AoeStats
← Horizon

Arena

508702208Analyzed
4v4 RM · 8d ago on Sep 23, 2026· 24m 55s· 8 players
Game mode
Random Map
Map size
Large (8 player)
Population
200
Speed
Normal
Resources
Standard
Victory
Conquest
Starting age
Dark Age
Ending age
Imperial Age
RankedLock teamsTeams togetherTeam positionsShared explorationLock speedFull tech treeHidden civsTurbo modeCheats
Victory
Defeat
🇺🇸 Italians · United States
1757
+8
🇵🇪 Magyars · Peru
1700
+10
🇲🇽 Gurjaras · Mexico
1674
+11
🇲🇽 Bohemians · Mexico
1402
+21
🇵🇰 Saxons · Pakistan
1641
-16
🇩🇪 Danes · Germany
1595
-14
🇵🇰 Teutons · Pakistan
1512
-11
🇵🇰 Berbers · Pakistan
1448
-9
quesarito
7:45 Feudal Age
8:26 Double-Bit Axe
13:03 Loom
14:01 Fletching
22:24 Castle Age
22:34 Padded Archer Armor
23:07 Bodkin Arrow
23:19 Thumb Ring
24:30 Crossbowman
25:42 Ballistics
25:44 Leather Archer Armor
§Y¶# Ä
10:26 Feudal Age
9:19 Loom
11:26 Horse Collar
13:00 Double-Bit Axe
17:37 Castle Age
21:08 Husbandry
22:02 Bloodlines
25:20 Scale Barding Armor
AM | DEMONIO_MX
10:15 Feudal Age
9:43 Loom
11:18 Fletching
15:40 Double-Bit Axe
16:21 Horse Collar
24:14 Castle Age
25:58 Wheelbarrow
Eugenius
10:29 Feudal Age
11:11 Horse Collar
11:18 Double-Bit Axe
12:24 Bloodlines
15:04 Scale Barding Armor
26:34 Castle Age
Horizon
5:34 Loom
6:09 Loom
8:19 Feudal Age
9:49 Town Watch
10:29 Fletching
17:38 Double-Bit Axe
19:20 Horse Collar
25:48 Castle Age
MaMo7x
11:09 Feudal Age
11:52 Double-Bit Axe
14:41 Castle Age
14:50 Loom
15:43 Wheelbarrow
15:22 Horse Collar
21:55 Gold Mining
22:27 Bow Saw
22:30 Loom
25:15 Hand Cart
J_
10:52 Feudal Age
14:32 Castle Age
12:41 Double-Bit Axe
13:01 Horse Collar
15:17 Heavy Plow
16:25 Bow Saw
19:58 Wheelbarrow
22:28 Loom
22:54 Loom
Decade
8:32 Feudal Age
9:17 Double-Bit Axe
10:47 Loom
11:26 Fletching
13:31 Horse Collar
25:33 Castle Age
Connection lost

Rejoining the realm…

Still unreachable

The connection could not be restored.

Session expired

The server has moved on; the page needs a fresh start.